 Dungeon Crawl Stone Soup version 0.28.0-45-g0d030f2227 (webtiles) character file.

Game seed: 10997601743218323448

15097 Gabide the Martial Artist (level 12, -10/92 (94) HPs)
             Began as a Human Monk on Apr 6, 2022.
             Was a Priest of Elyvilon.
             Mangled by a troll (14 damage)
             ... on level 12 of the Dungeon.
             The game lasted 00:33:26 (14388 turns).

Gabide the Martial Artist (Human Monk)             Turns: 14388, Time: 00:33:27

HP:   -10/92 (94)   AC:  8    Str: 18    XL:     12   Next: 53%
MP:   9/18          EV: 21    Int: 12    God:    Elyvilon [***...]
Gold: 388           SH:  0    Dex: 19    Spells: 11/11 levels left

rFire   . . .      SeeInvis .     - Unarmed
rCold   . . .      Faith    .   (no shield)
rNeg    + . .      Spirit   .   u - +2 ring mail "Memewe" {rN+ Regen+ Stlth+}
rPois   .          Reflect  .   (no helmet)
rElec   .          Harm     +   y - scarf {harm}
rCorr   .          Rampage  .   (no gloves)
Will    .....                   (no boots)
Stlth   +++.......              m - amulet of regeneration
HPRegen 1.85/turn               r - +6 ring of strength
MPRegen 0.16/turn               C - +4 ring of evasion

@: lightly drained
A: no striking features
a: Renounce Religion, Purification, Heal Other, Heal Self


You were on level 12 of the Dungeon.
You worshipped Elyvilon.
Elyvilon was most pleased with you.
You visited 1 branch of the dungeon, and saw 12 of its levels.

You collected 1036 gold pieces.
You spent 648 gold pieces at shops.

Inventory:

Missiles
 s - 2 throwing nets (quivered)
Armour
 a - a +1 robe
 o - a +1 leather armour of fire resistance
 u - the +2 ring mail "Memewe" (worn) {rN+ Regen+ Stlth+}
   (You found it on level 8 of the Dungeon)

   rN:        It protects you from negative energy.
   Regen:     It increases your rate of health regeneration.
   Stlth:     It makes you more stealthy.
 y - a scarf of harm (worn)
Jewellery
 m - an amulet of regeneration (around neck)
 r - a +6 ring of strength (left hand)
 z - a ring of wizardry
 C - a +4 ring of evasion (right hand)
Wands
 e - a wand of iceblast (6)
 j - a wand of digging (6)
 B - a wand of polymorph (4)
Scrolls
 c - a scroll of brand weapon
 g - a scroll of fog
 v - a scroll of enchant weapon
 A - 2 scrolls of identify
 D - a scroll of vulnerability {unknown}
 E - a scroll of holy word {unknown}
Potions
 b - a potion of attraction {unknown}
 d - 3 potions of heal wounds
 f - 2 potions of flight
 h - a potion of invisibility {unknown}
 i - 2 potions of mutation
 l - a potion of ambrosia
 n - 2 potions of curing
 p - a potion of cancellation {unknown}
 q - a potion of brilliance
 t - a potion of berserk rage {unknown}
Miscellaneous
 w - a phantom mirror


   Skills:
 * Level 8.3 Fighting
 + Level 5.2 Armour
 * Level 10.3 Dodging
 - Level 2.0 Stealth
 + Level 12.3 Unarmed Combat
 * Level 8.4 Invocations
 - Level 0.3 Evocations


You had 11 spell levels left.
You didn't know any spells.
Your spell library contained the following spells:

 Spells                   Type           Power      Damage    Failure   Level
 Animate Skeleton         Necr           0%         N/A       50%         1
 Pain                     Necr           0%         1d4       50%         1
 Ensorcelled Hibernation  Hex/Ice        0%         N/A       63%         2
 Passwall                 Tmut/Erth      0%         N/A       63%         2
 Ignite Poison            Fire/Tmut/Pois 0%         N/A       86%         3
 Mephitic Cloud           Conj/Pois/Air  0%         N/A       86%         3
 Swiftness                Air            0%         N/A       86%         3
 Vampiric Draining        Necr           0%         2d6       86%         3
 Animate Dead             Necr           0%         N/A       99%         4
 Summon Lightning Spire   Summ/Air       0%         N/A       99%         4
 Borgnjor's Vile Clutch   Necr/Erth      0%         N/A       100%        5
 Fireball                 Conj/Fire      0%         3d3       100%        5
 Freezing Cloud           Conj/Ice/Air   0%         6-21      100%        5
 Summon Forest            Summ/Tloc      0%         N/A       100%        5
 Summon Mana Viper        Hex/Summ       0%         N/A       100%        5
 Death Channel            Necr           0%         N/A       100%        6
 Eringya's Noxious Bog    Tmut/Pois      0%         N/A       100%        6
 Starburst                Conj/Fire      0%         6d3       100%        6
 Summon Cactus Giant      Summ           0%         N/A       100%        6
 Storm Form               Tmut/Air       0%         N/A       100%        7
 Summon Hydra             Summ           0%         N/A       100%        7
 Ignition                 Fire           0%         3d3       100%        8
 Maxwell's Capacitive Co  Air            0%         ∞         100%        8


Dungeon Overview and Level Annotations

Branches:
Dungeon (12/15)            Temple (0/1) D:6            Lair (0/6) D:11
    Orc (0/2) D:11

Altars:
Ashenzari
Elyvilon
Fedhas
Nemelex Xobeh
Ru
Sif Muna
Vehumet
Beogh

Shops:
D:10 *   D:11 *

Annotations:
D:4 3 runed translucent doors, Ablot's ghost, amateur GnWr
D:11 exclusion: 2 oklob plants
D:12 Nessos; Sonja


Message History

a +0 rapier; a +0 leather armour Nessos intently looks at you, slowly moving their tail.
Nessos shoots an arrow.
The arrow hits you. The arrow burns you.
You are poisoned.
The two-headed ogre misses you.
The two-headed ogre hits you with a +0 giant club!!
* * * LOW HITPOINT WARNING * * *
Sonja shouts, "Some dancing partner you are!"
Unknown command.
The sentinel's mark upon you fades away.
You feel very sick.
You feel sick.
Nessos casts a spell.
Nessos seems to speed up.
The troll misses you. x2
The troll claws you but does no damage.
You are healed.
You feel sick.
Nessos gestures wildly while chanting.
Nessos blinks!
The troll closely misses you. The troll completely misses you.
The troll claws you but does no damage.
The two-headed ogre completely misses you.
The two-headed ogre hits you with a +0 giant club!
* * * LOW HITPOINT WARNING * * *
You feel purified! The troll closely misses you. The troll barely misses you.
The troll claws you but does no damage.
You barely miss the skeletal warrior. The troll misses you.
The troll completely misses you. The troll misses you.
The two-headed ogre barely misses you. The two-headed ogre closely misses you.
Sonja hits you with a +2 short sword of draining.
* * * LOW HITPOINT WARNING * * *
You partially resist.
You feel drained. Sonja misses you.
Sonja hits you with a +2 short sword of draining.
* * * LOW HITPOINT WARNING * * *
You partially resist.
You feel drained.
The skeletal warrior hits you with a +0 battleaxe!
* * * LOW HITPOINT WARNING * * *
As you read the scroll labelled XAKULLAZXA, it crumbles to dust.
It is a scroll of amnesia.
You feel forgetful for a moment. The troll misses you. x2
The troll claws you!
You die...

#≈≈...............#
#≈≈...............#
#≈................#
#≈................#
##≈≈........####...#
#≈≈.......))# ....
#.........# ...
##..KO....# ##
#..@Tc...#
#...z....#
#.####...# #. #...#
# #...# #...# #...#


You could see Nessos (fast), a skeletal warrior, a two-headed ogre, a troll and
Sonja.

Vanquished Creatures
  Harold (D:9)
  Erolcha (D:12)
  A centaur warrior (D:8)
  A skeletal warrior (D:12)
  Pikel (D:6)
  A deep elf pyromancer (D:12)
  A manticore (D:11)
  Psyche (D:8)
  A kobold demonologist (D:10)
  A troll (D:12)
  3 hornets
  3 wraiths
  5 shadows
  14 yaks
  2 vampires (D:9)
  2 vampire mosquitoes (D:11)
  3 acid dragons
  A water moccasin (D:7)
  An orc warrior (D:9)
  4 sky beasts
  An ice beast (D:7)
  3 ogres
  2 necrophages (D:5)
  13 centaurs
  2 phantoms
  A bullfrog (D:8)
  3 scorpions
  2 troll zombies (D:11)
  5 killer bees
  5 howler monkeys
  4 wights (D:10)
  5 centaur zombies
  3 bullfrog skeletons
  An orc priest (D:9)
  A centaur skeleton (D:5)
  3 iguanas
  Natasha (thrice) (D:4)
  8 orc wizards
  A scorpion zombie (D:5)
  A killer bee zombie (D:9)
  6 ogre zombies (D:11)
  2 hound skeletons
  2 howler monkey zombies
  3 gnolls (D:4)
  A howler monkey skeleton (D:7)
  6 adders
  A shadow imp (D:5)
  A white imp (D:8)
  2 ufetubi (D:7)
  A worm (D:3)
  2 dart slugs
  16 orcs
  7 bats
  3 endoplasms
  4 giant cockroaches
  6 goblins
  4 hobgoblins
  4 jackals
  5 quokkas
  4 ball pythons
  3 frilled lizards
  2 goblin skeletons (D:11)
  3 goblin zombies (D:11)
  A hobgoblin skeleton (D:11)
  3 hobgoblin zombies (D:11)
  8 kobolds
  5 orc skeletons (D:11)
  11 orc zombies (D:11)
  6 rats
237 creatures vanquished.

Vanquished Creatures (others)
  A centaur (D:12)
  A killer bee (D:9)
  A hound skeleton (D:4)
  An orc (D:5)
  14 fungi
  13 plants
31 creatures vanquished.

Grand Total: 268 creatures vanquished

Notes
Turn   | Place    | Note
-------+----------+-------------------------------------------
     0 | D:1      | Gabide the Human Monk began the quest for the Orb.
     0 | D:1      | Reached XP level 1. HP: 18/18 MP: 1/1
   357 | D:1      | Reached XP level 2. HP: 17/24 MP: 2/2
   682 | D:1      | Found a faded altar of an unknown god.
   901 | D:1      | Reached XP level 3. HP: 29/29 MP: 3/3
  1381 | D:2      | Reached XP level 4. HP: 25/35 MP: 4/4
  1527 | D:2      | Found a white marble altar of Elyvilon.
  1535 | D:2      | Became a worshipper of Elyvilon the Healer
  1535 | D:2      | Reached * piety under Elyvilon
  1535 | D:2      | Reached ** piety under Elyvilon
  2456 | D:3      | You fall into a shaft and drop 1 floor!
  2674 | D:3      | Reached XP level 5. HP: 29/41 MP: 5/5
  3139 | D:3      | Reached *** piety under Elyvilon
  3605 | D:3      | Reached skill level 4 in Unarmed Combat
  3605 | D:3      | Reached skill level 1 in Invocations
  4229 | D:4      | Reached XP level 6. HP: 36/48 MP: 7/7
  4309 | D:4      | Found a runed translucent gate.
  4309 | D:4      | Found a runed translucent gate.
  4310 | D:4      | Noticed Natasha
  4311 | D:4      | Found a runed translucent gate.
  4311 | D:4      | Noticed Ablot's ghost (amateur GnWr)
  4322 | D:4      | Killed Natasha
  5175 | D:4      | Noticed Natasha
  5187 | D:4      | Killed Natasha
  5479 | D:4      | Noticed Natasha
  5498 | D:4      | Killed Natasha
  5636 | D:5      | Entered Level 5 of the Dungeon
  5636 | D:5      | Found a broken altar of Ashenzari.
  5647 | D:5      | Noticed a necrophage
  5650 | D:5      | Found a radiant altar of Vehumet.
  5656 | D:5      | Noticed an ogre
  5665 | D:5      | Killed an ogre
  5666 | D:5      | Reached skill level 5 in Unarmed Combat
  5666 | D:5      | Reached XP level 7. HP: 54/54 MP: 8/8
  6084 | D:5      | Reached skill level 5 in Dodging
  6142 | D:5      | Reached skill level 6 in Unarmed Combat
  6243 | D:5      | Reached XP level 8. HP: 61/61 MP: 10/10
  6909 | D:5      | Reached skill level 7 in Unarmed Combat
  7237 | D:6      | Reached skill level 5 in Fighting
  7303 | D:6      | Noticed Pikel
  7323 | D:6      | Killed Pikel
  7324 | D:6      | Reached XP level 9. HP: 30/68 MP: 10/12
  7497 | D:6      | Found a staircase to the Ecumenical Temple.
  7508 | D:6      | Pacified an unseen horror
  7508 | D:6      | Noticed an unseen horror
  7509 | D:6      | Reached skill level 8 in Unarmed Combat
  7869 | D:6      | Reached **** piety under Elyvilon
  7904 | D:6      | Found a sacrificial altar of Ru.
  7916 | D:6      | Found a sparkling altar of Nemelex Xobeh.
  7933 | D:6      | Noticed a hornet
  8176 | D:7      | Reached skill level 9 in Unarmed Combat
  8188 | D:7      | Found a blossoming altar of Fedhas.
  8438 | D:7      | Found a shimmering blue altar of Sif Muna.
  8581 | D:7      | Reached XP level 10. HP: 41/76 MP: 13/13
  8686 | D:7      | Reached skill level 5 in Invocations
  9156 | D:8      | Reached skill level 1 in Armour
  9265 | D:8      | Noticed Psyche
  9278 | D:8      | Killed Psyche
  9611 | D:8      | Noticed a centaur warrior
  9629 | D:8      | Killed a centaur warrior
  9722 | D:8      | Reached skill level 10 in Unarmed Combat
  9943 | D:8      | Identified the +2 ring mail "Memewe" {rN+ Regen+ Stlth+}
 10570 | D:9      | Reached XP level 11. HP: 83/83 MP: 15/15
 10698 | D:9      | Noticed Harold
 10713 | D:9      | Killed Harold
 11502 | D:10     | Entered Level 10 of the Dungeon
 11690 | D:10     | Found Tucret's Assorted Antiques.
 11699 | D:10     | Bought a runed scarf for 288 gold pieces
 11699 | D:10     | Bought a scroll of teleportation for 108 gold pieces
 11699 | D:10     | Bought a scroll of identify for 72 gold pieces
 11699 | D:10     | Bought a steel ring for 180 gold pieces
 11758 | D:10     | Reached ***** piety under Elyvilon
 12047 | D:11     | Noticed an oklob plant
 12047 | D:11     | Noticed an oklob plant
 12090 | D:11     | Noticed a boulder beetle
 12106 | D:11     | Elyvilon protects you from harm!
 12835 | D:11     | Pacified a boulder beetle
 12836 | D:11     | Reached skill level 11 in Unarmed Combat
 12882 | D:11     | Found a staircase to the Orcish Mines.
 13104 | D:11     | Found a staircase to the Lair.
 13346 | D:11     | Found Xurujeot's General Store.
 13410 | D:11     | Noticed a manticore
 13420 | D:11     | Killed a manticore
 13421 | D:11     | Reached XP level 12. HP: 48/92 MP: 17/17
 13858 | D:12     | Noticed Erolcha
 13869 | D:12     | Killed Erolcha
 13870 | D:12     | Reached skill level 5 in Armour
 13885 | D:12     | HP: 3/92 [centaur/arrow (2)]
 13885 | D:12     | Elyvilon protects you from harm!
 13941 | D:12     | Reached skill level 10 in Dodging
 14110 | D:12     | Noticed a skeletal warrior
 14114 | D:12     | Reached skill level 12 in Unarmed Combat
 14123 | D:12     | Noticed a skeletal warrior
 14139 | D:12     | Killed a skeletal warrior
 14348 | D:12     | Noticed Nessos
 14352 | D:12     | Noticed a two-headed ogre
 14372 | D:12     | Noticed Sonja
 14376 | D:12     | Noticed a skeletal warrior
 14387 | D:12     | HP: 2/92 [skeletal warrior/+0 battleaxe[a skeletal warrior]
                  | (15)]
 14388 | D:12     | Mangled by a troll

Illustrated notes

Levels and vault maps discovered:
D:1:      dpeg_arrival_simpleton_b, layout_rooms,
          hellmonk_ecumenical_altar_defaced_shrine, kennysheep_boxes
D:2:      layout_basic, basic_altar
D:3:      layout_basic, chequers_serial_rivers_micro_a,
          corexii_leaking_fountain, minmay_quadrilaterals
D:4:      layout_basic, gammafunk_ghost_nasty_kobolds, uniq_natasha
D:5:      minmay_polygon_palace, layout_basic,
          mainiacjoe_overflow_catch_the_wave, minmay_shop_grid_forest,
          st_stairs_6, kennysheep_generic_room_10
D:6:      layout_rooms, nicolae_ru_path_of_blood,
          nemelex_xobeh_ov_fountains_minmay, minmay_temple_entry_slanted,
          minmay_misc_feat_four_crosses, uniq_pikel
D:7:      layout_basic, fedhas_bush_and_centaur_altar, lemuel_round_altar
D:8:      layout_basic, uniq_psyche
D:9:      layout_loops_ring, serial_co_window_serial, co_window_paths_b,
          co_window_paths_a, co_window_of_opportunity_a, co_window_paths_a,
          co_window_paths_b, co_window_corner_a, co_window_corner_a,
          co_window_2corner, co_window_cross_4, co_window_of_opportunity_b,
          co_window_of_opportunity_b, co_window_paths_c, uniq_harold
D:10:     layout_cave_pools, serial_shops, shop
D:11:     layout_gridville, dpeg_oklobed_lair, zombieorc2_lemuel, serial_shops,
          nicolae_lakefront_shop, st_stairs_10, hangedman_decor_push
D:12:     layout_long_grid, chequers_serial_rivers_small_a,
          kennysheep_another_room, grunt_tough_drop, uniq_nessos, uniq_erolcha,
          uniq_sonja

Skill      XL: |  1  2  3  4  5  6  7  8  9 10 11 12 |
---------------+-------------------------------------+-----
Dodging        | 4 5 6 7 8 9 10 | 10.3
Unarmed Combat | 4 5 6 7 9 10 11 12 | 12.3
Invocations    | 1 2 3 4 6 7 8 |  8.4
Fighting       | 4 5 6 7 8 |  8.3
Armour         | 2 4 5 |  5.2
Stealth        | |  2.0
Evocations     | |  0.3

Action                   |  1- 3 |  4- 6 |  7- 9 | 10-12 || total
-------------------------+-------+-------+-------+-------++-------
Melee: Unarmed           |   111 |   237 |   317 |   631 ||  1296
       Punch             |     4 |     9 |    17 |    62 ||    92
Throw: Throwing net      |       |       |       |     3 ||     3
Invok: Heal Other        |       |     3 |     8 |    10 ||    21
       Heal Self         |       |       |     1 |    10 ||    11
       Purification      |       |       |       |     6 ||     6
Evoke: Wand              |       |       |     2 |     3 ||     5
       Phantom mirror    |       |       |       |     1 ||     1
  Use: Scroll            |       |     4 |     6 |    12 ||    22
       Potion            |       |     1 |     2 |       ||     3
 Stab: Sleeping          |     7 |     5 |     4 |     4 ||    20
       Distracted        |     1 |       |     1 |     1 ||     3
       Confused          |       |       |       |     1 ||     1
Armor: Robe              |    20 |    27 |    40 |       ||    87
       Skin              |       |       |   100 |     6 ||   106
       Leather armour    |       |       |     5 |    15 ||    20
       Ring mail         |       |       |       |   144 ||   144
Dodge: Dodged            |    77 |   162 |   219 |   621 ||  1079
